[Event "Late-Titled-Tuesday-Blitz-February-06-2024"]
[Site "Chess.com"]
[Date "2024.02.06"]
[Round "10"]
[White "Orest_Vovk"]
[Black "egnfanclub"]
[Result "1-0"]
[WhiteElo "2577"]
[BlackElo "2356"]
[TimeControl "180+1"]
[EndTime "15:54:33 PST"]
[Termination "Orest_Vovk won by resignation"]

1. h4 e5 2. h5 h6 3. Nc3 Nf6 4.
d4 exd4 5. Qxd4 Nc6 6. Qa4 Bb4 7. Bd2 O-O 8. a3 Bc5 9. g4 d5 10. g5 hxg5 11. Bxg5 Nd4 12. O-O-O b5 13. Qxd4 Bxd4 14. Rxd4 Be6 15. h6 Qd6 16. hxg7 Kxg7 17. Bf4 Qb6 18. Be5 Rh8 19. Nh3 Rh6 20. Rf4 Rah8 21. Rg1+ Kf8 22. Bxf6 Bxh3 23. Bg7+ Ke8 24. Bxh8 Bxf1 25. Rg8+ Ke7 26.
Nxd5+ Kd6 27. Nxb6 axb6 28. Rf6+ Rxf6 29. Bxf6 Bxe2 30. Kd2 Bf3 31. Re8 Bd5 32. Re3 c5 33. Bd8 Kc6 34. Re7 Be6 35. Rc7+ Kd6 36. Rb7 1-0

[Event "Late-Titled-Tuesday-Blitz-February-06-2024"]
[Site "Chess.com"]
[Date "2024.02.06"]
[Round "10"]
[White "Rud_Makarian"]
[Black "Durarbayli"]
[Result "1/2-1/2"]
[WhiteElo "3033"]
[BlackElo "2925"]
[TimeControl "180+1"]
[EndTime "15:54:34 PST"]
[Termination "Game drawn - insufficient material"]

1. d4 d5 2. c4 c6 3. Nf3 Nf6 4. Nc3 e6 5. Bg5 dxc4 6. e4 b5 7. e5 h6 8. Bh4 g5 9. Nxg5 hxg5 10. Bxg5 Be7 11. exf6 Bxf6 12. Bxf6 Qxf6 13. h4 Rxh4 14. Rxh4 Qxh4 15. g3 Qe7 16. a4 Bb7 17. axb5 cxb5 18. Nxb5 Qb4+ 19. Nc3 Qxb2 20. Qc1 Qxc1+ 21. Rxc1 Nc6 22. d5 Ne5 23. dxe6 Nf3+ 24. Ke2 fxe6 25. Ke3 Ne5 26. Ra1 Ke7 27. Be2 a5 28. f4 Nd7 29.
Bxc4 Rc8 30. Kd4 e5+ 31. fxe5 Nxe5 32. Kxe5 Rxc4 33. Nd5+ Bxd5 34. Kxd5 Rg4 35. Kc5 Rxg3 36. Rxa5 Rg5+ 37. Kb4 Rxa5 38. Kxa5 1/2-1/2

[Event "Late-Titled-Tuesday-Blitz-February-06-2024"]
[Site "Chess.com"]
[Date "2024.02.06"]
[Round "10"]
[White "martinez_95"]
[Black "cthake"]
[Result "0-1"]
[WhiteElo "2223"]
[BlackElo "1849"]
[TimeControl "180+1"]
[EndTime "15:54:35 PST"]
[Termination "cthake won on time"]

1. e4 c5 2. Nf3 Nc6 3. b3 d6 4.
Bb2 e5 5. Na3 Nf6 6. Bd3 Be7 7.
Nc4 b5 8. Ne3 O-O 9. Bxb5 Bd7 10. O-O Nxe4 11. Nd5 f5 12. Re1 a6 13. Bc4 Kh8 14.
d3 Nf6 15. Nxe7 Nxe7 16. b4 cxb4 17. a3 a5 18. axb4 axb4 19. Rxa8 Qxa8 20. Ng5 Qe8 21. Qd2 h6 22. Ne6 Bxe6 23. Bxe6 Qb5 24. Rb1 Nfd5 25. Ba3 Rb8 26. Qe1 Qc5 27. c4 Nc7 28. Rxb4 Rxb4 29. Bxb4 Qc6 30. Bf7 Kh7 31. f4 e4 32. d4 d5 33.
Bxe7 Qd7 0-1

[Event "Late-Titled-Tuesday-Blitz-February-06-2024"]
[Site "Chess.com"]
[Date "2024.02.06"]
[Round "10"]
[White "McCarthyStone"]
[Black "giovannibrandao7"]
[Result "0-1"]
[WhiteElo "2359"]
[BlackElo "2238"]
[TimeControl "180+1"]
[EndTime "15:54:36 PST"]
[Termination "giovannibrandao7 won by checkmate"]

1. Nf3 c5 2. e4 Nc6 3. Bb5 g6 4. O-O Bg7 5. Re1 e5 6. c3 Nge7 7. a3 O-O 8. b4 d6 9. Bb2 a6 10. Bc4 b5 11. Ba2 Bg4 12. h3 Bxf3 13. Qxf3 Kh8 14. d3 f5 15. Nd2 f4 16. Rad1 a5 17.
bxc5 dxc5 18. Nb3 Qb6 19. d4 exd4 20. cxd4 cxd4 21. e5 Rad8 22. Qe4 Bxe5 23. Nxd4 Bxd4 24. Rxd4 Rxd4 25. Qd5 Nxd5 26. Bxd5 Rf6 27. Ba2 Kg7 28. h4 Kh6 29. Bc1 Rc4 30. Bd2 Rc2 31. g4 Rxd2 32. g5+ Kg7 33. Be6 Rxe6 34. Rxe6 Qxf2+ 35. Kh1 Qg2# 0-1

[Event "Late-Titled-Tuesday-Blitz-February-06-2024"]
[Site "Chess.com"]
[Date "2024.02.06"]
[Round "10"]
[White "Jamal-Jamal-Jamal"]
[Black "TheMagician"]
[Result "1-0"]
[WhiteElo "2361"]
[BlackElo "2169"]
[TimeControl "180+1"]
[EndTime "15:54:38 PST"]
[Termination "Jamal-Jamal-Jamal won on time"]

1. e4 e5 2. Nf3 Nc6 3. d4 exd4 4. Nxd4 Bc5 5. Nb3 Bb6 6. Nc3 Nf6 7. Bd3 d6 8. Bg5 h6 9. Bh4 a6 10. Qd2 Be6 11. O-O-O g5 12. Bg3 Qd7 13. h4 g4 14.
Nd5 Nxd5 15. exd5 Bxd5 16. Rhe1+ Be6 17. Bf4 O-O-O 18. Bxh6 Bxf2 19. Re2 Bxh4 20. Rh1 Bf6 21. Rf1 Be5 22. Kb1 Kb8 23. Be3 Rh5 24. a3 Rdh8 25. Na5 Nxa5 26. Qxa5 Bd4 27. Qb4 Bxe3 28. Rxe3 Qc6 29.
Be4 1-0

[Event "Late-Titled-Tuesday-Blitz-February-06-2024"]
[Site "Chess.com"]
[Date "2024.02.06"]
[Round "10"]
[White "Hikaru"]
[Black "MolecularChemist"]
[Result "1-0"]
[WhiteElo "3321"]
[BlackElo "2970"]
[TimeControl "180+1"]
[EndTime "15:54:41 PST"]
[Termination "Hikaru won on time"]

1. Nf3 d5 2. c4 e6 3. b3 Nf6 4.
Bb2 Bd6 5. g3 O-O 6. Bg2 b6 7.
O-O Bb7 8. cxd5 exd5 9. d4 Nbd7 10.
Nc3 a6 11. e3 Re8 12. a3 Ne4 13.
Nd2 Ndf6 14. Qc2 Qe7 15. b4 h5 16. Nf3 Nxc3 17. Bxc3 Ne4 18. Bb2 a5 19. b5 Qd7 20. a4 f6 21. Ba3 g5 22. h4 Kg7 23.
Rfc1 Rac8 24. Qd3 Kh6 25. Ra2 Qe7 26. Bxd6 cxd6 27. Rac2 Rxc2 28. Rxc2 Rc8 29. Rxc8 Bxc8 30. Qc2 Bg4 31. hxg5+ fxg5 32. Nd2 Nxg3 33. fxg3 Qxe3+ 34. Kh2 h4 35. Nf1 Qxd4 36. Qd2 Qxd2 37. Nxd2 hxg3+ 38. Kxg3 Bd1 39. Bxd5 Bxa4 40. Bc6 d5 41. Kf3 Kg6 42. Ke3 g4 43. Nf1 Kf5 44. Kd4 Kf4 45. Ne3 Bb3 46. Nxd5+ Bxd5 47. Bxd5 g3 48. Bg2 a4 49. Kc4 Ke3 50.
Kb4 Kf2 51. Ba8 Ke3 52. Kxa4 Kd4 53. Kb4 1-0

[Event "Late-Titled-Tuesday-Blitz-February-06-2024"]
[Site "Chess.com"]
[Date "2024.02.06"]
[Round "10"]
[White "el008"]
[Black "GothamChess"]
[Result "0-1"]
[WhiteElo "2548"]
[BlackElo "2720"]
[TimeControl "180+1"]
[EndTime "15:54:41 PST"]
[Termination "GothamChess won by checkmate"]

1. Nf3 g6 2. b3 Bg7 3. d4 d6 4. Bb2 Nc6 5. g3 Bd7 6. c4 Qc8 7. Nc3 Bh3 8. Bxh3 Qxh3 9. Qd2 Nf6 10. Ng5 Qg2 11. O-O-O Qxf2 12. Nb5 Bh6 13. Nxc7+ Kd7 14. Nxa8 Ne4 15. Qc2 Nxg5 16. d5 Nb4 17. Qd2 Ne4 18.
Qxh6 Qxe2 19. Rd2 Nxd2 20. Qxd2 Nxa2+ 21. Kc2 Nb4+ 22. Kc3 Qxd2+ 23. Kxd2 Rxa8 24. Ra1 Na6 25. Bd4 e5 26. dxe6+ fxe6 27. Rf1 Ke7 28. Bf6+ Kd7 29. Bc3 Re8 30. Rf7+ Re7 31. Rf8 Nc5 32. Kc2 e5 33. Ra8 a6 34. b4 Ne6 35. Kd3 Nc7 36.
Rb8 b5 37. c5 dxc5 38. bxc5 Kc6 39. Bb4 Nd5 40. Ba3 e4+ 41. Ke2 e3 42. Bb2 b4 43.
Rc8+ Kb7 44. Rd8 Kc6 45. Bd4 Nc3+ 46. Ke1 Kb5 47. Bf6 Re6 48. Ra8 Rxf6 49. Rb8+ Kxc5 50. g4 Rc6 51. h4 Rd6 52. Rc8+ Kb5 53. Rxc3 bxc3 54.
Ke2 Kc4 55. Kxe3 a5 56. Kf4 c2 57. Kg5 c1=Q# 0-1

[Event "Late-Titled-Tuesday-Blitz-February-06-2024"]
[Site "Chess.com"]
[Date "2024.02.06"]
[Round "10"]
[White "KorolDimitriy75"]
[Black "Redzishchess"]
[Result "0-1"]
[WhiteElo "2405"]
[BlackElo "2540"]
[TimeControl "180+1"]
[EndTime "15:54:41 PST"]
[Termination "Redzishchess won on time"]

1. d4 Nf6 2. c4 g6 3. Nc3 d5 4. cxd5 Nxd5 5. e4 Nxc3 6. bxc3 Bg7 7. Nf3 c5 8. Rb1 cxd4 9. cxd4 Nc6 10. d5 Ne5 11. Nxe5 Bxe5 12. Bb5+ Bd7 13. Qa4 b6 14. O-O Bxb5 15. Qxb5+ Qd7 16. Qd3 O-O 17. Bh6 Bg7 18. Bxg7 Kxg7 19. f4 Rac8 20. Qd4+ Kg8 21. Rbc1 Rc7 22.
h3 Rfc8 23. Rxc7 Qxc7 24. Kh2 Qc4 25. Rd1 Qxa2 26. e5 Rc2 27. Qg1 Rd2 28. d6 exd6 29.
exd6 Qd5 30. Rxd2 Qxd2 31. Qa1 Qxf4+ 32. Kh1 Qxd6 33. Qxa7 Qd1+ 34. Kh2 Qd6+ 35. Kh1 Qf6 36. Qa8+ Kg7 37. Qd5 h5 38. Kh2 Qe6 0-1

[Event "Late-Titled-Tuesday-Blitz-February-06-2024"]
[Site "Chess.com"]
[Date "2024.02.06"]
[Round "10"]
[White "ChessFanNM"]
[Black "terrortoast"]
[Result "0-1"]
[WhiteElo "2328"]
[BlackElo "2434"]
[TimeControl "180+1"]
[EndTime "15:54:44 PST"]
[Termination "terrortoast won by checkmate"]

1. e4 c5 2. Nf3 d6 3. Bb5+ Nd7 4.
a4 Nf6 5. Nc3 g6 6. O-O a6 7.
Bc4 Bg7 8. a5 O-O 9. Re1 b5 10.
axb6 Nxb6 11. Bf1 Bb7 12. d3 a5 13. Bg5 h6 14. Be3 a4 15. h3 Qc7 16. Qd2 Kh7 17. g4 Bc6 18. Bg2 Nfd7 19. Nd5 Nxd5 20. exd5 Bxd5 21. Ng5+ hxg5 22. Bxd5 Bxb2 23. Bxg5 Ne5 24.
f4 Nc6 25. f5 e6 26. fxg6+ fxg6 27. Rxe6 Bxa1 28. Qe2 Bd4+ 29. Kh1 Ne5 30. Qe4 Rae8 31. c3 Rxe6 32. Bxe6 Bxc3 33. h4 Qc6 34. Bd5 Qb6 35. h5 Qb1+ 36. Kh2 Rf2+ 37. Kg3 Qg1+ 38. Kh3 Rh2# 0-1

[Event "Late-Titled-Tuesday-Blitz-February-06-2024"]
[Site "Chess.com"]
[Date "2024.02.06"]
[Round "10"]
[White "Igor_Lysyj"]
[Black "yaguigor"]
[Result "0-1"]
[WhiteElo "2860"]
[BlackElo "2723"]
[TimeControl "180+1"]
[EndTime "15:54:45 PST"]
[Termination "yaguigor won by resignation"]

1. d4 d5 2. c4 c6 3. Nf3 Nf6 4. e3 Bf5 5. cxd5 cxd5 6. Qb3 Qc7 7. Bd2 a6 8. Nc3 e6 9. Nh4 Bg6 10. Nxg6 hxg6 11. g3 Nc6 12. Rc1 Bd6 13. Bg2 O-O 14. O-O Na5 15. Qc2 Nc4 16. Be1 Qd7 17. b3 Na3 18.
Qb2 b5 19. Bd2 Rac8 20. Ne2 Ne4 21. Bxe4 dxe4 22. Rxc8 Rxc8 23. Rc1 b4 24. d5 exd5 25. Qd4 Rxc1+ 26. Nxc1 Qb7 27. Ne2 Nb5 28. Qb2 f6 29. Kg2 g5 30. h3 Kf7 31. g4 a5 32. Qc2 Qc7 33. Qd1 Be5 34. Be1 Qc6 35. Qd2 d4 36. Kg1 d3 37. Ng3 Bc3 38. Qd1 g6 39. Nf1 Bxe1 40. Qxe1 Qc3 41. Qd1 Qc2 42. Qe1 Qxa2 43. Nd2 Nc3 44. f3 a4 45. bxa4 b3 46. fxe4 b2 47.
a5 Qxa5 48. Nc4 Ne2+ 49. Kf2 Qxe1+ 0-1

[Event "Late-Titled-Tuesday-Blitz-February-06-2024"]
[Site "Chess.com"]
[Date "2024.02.06"]
[Round "10"]
[White "AsterPhoenix"]
[Black "Atousa"]
[Result "1-0"]
[WhiteElo "2644"]
[BlackElo "2488"]
[TimeControl "180+1"]
[EndTime "15:54:45 PST"]
[Termination "AsterPhoenix won on time"]

1. e4 e5 2. Nf3 Nf6 3. Nxe5 d6 4. Nf3 Nxe4 5. Bd3 d5 6. Qe2 Qe7 7. O-O Nc6 8. Re1 Bf5 9. Bb5 Nd6 10. Qf1 Be6 11. Nd4 Nxb5 12. Qxb5 Qb4 13. Qxb4 Nxb4 14.
a3 Nc6 15. Nxc6 bxc6 16. d3 Bd6 17. Be3 O-O 18. Nd2 c5 19. c4 Rab8 20. Rab1 Bf5 21.
cxd5 Bxd3 22. Rbc1 Rxb2 23. h4 f6 24. Nc4 Bxc4 25.
Rxc4 Re8 26. Rd1 Rb3 27. Bxc5 Bxc5 28. Rxc5 Re7 29. Ra5 Rd7 30. Rxa7 Rb5 31. d6 Rxd6 32. Rc1 c6 33. a4 Rb2 34. Re1 h5 35. a5 Rdd2 36.
Ree7 Rxf2 37. Rxg7+ Kf8 38. a6 Rfc2 39. Rg3 1-0

[Event "Late-Titled-Tuesday-Blitz-February-06-2024"]
[Site "Chess.com"]
[Date "2024.02.06"]
[Round "10"]
[White "FairChess_on_YouTube"]
[Black "tptagain"]
[Result "1-0"]
[WhiteElo "3066"]
[BlackElo "2963"]
[TimeControl "180+1"]
[EndTime "15:54:46 PST"]
[Termination "FairChess_on_YouTube won by resignation"]

1. e4 e5 2. Bc4 Nc6 3. d3 Nf6 4.
Nc3 Bc5 5. f4 O-O 6. Nf3 exf4 7.
Bxf4 d6 8. Bg5 h6 9. Bh4 Be6 10. Qe2 Nd4 11. Nxd4 Bxd4 12. Bb3 a5 13. Bf2 Bxf2+ 14.
Qxf2 Ng4 15. Qf4 Qh4+ 16. g3 Qg5 17. h3 Ne5 18. h4 Qg4 19. Rf1 g5 20. Qxg4 Nxg4 21.
Kd2 c6 22. Ne2 a4 23. Bxe6 fxe6 24. hxg5 hxg5 25. Nd4 Rfe8 26. Rh1 Kg7 27. Rh5 Kg6 28. Rah1 Re7 29. Nf3 Ra5 30. e5 Nxe5 31. Rxg5+ Kf7 32. Nxe5+ Rxe5 33. Rxe5 dxe5 34. Rh7+ Kf6 35. Rxe7 Kxe7 36. Ke3 Kf6 37. Ke4 c5 38. c4 b6 39. a3 1-0

[Event "Late-Titled-Tuesday-Blitz-February-06-2024"]
[Site "Chess.com"]
[Date "2024.02.06"]
[Round "10"]
[White "MeisterJabo"]
[Black "rdarruda"]
[Result "1-0"]
[WhiteElo "2381"]
[BlackElo "2536"]
[TimeControl "180+1"]
[EndTime "15:54:46 PST"]
[Termination "MeisterJabo won by resignation"]

1. c4 e5 2. g3 Nf6 3. Bg2 Nc6 4. Nc3 Be7 5. e3 d6 6. Nge2 O-O 7. O-O Re8 8. d4 exd4 9. Nxd4 Bd7 10. b3 Nxd4 11.
Qxd4 Bc6 12. Bxc6 bxc6 13. Bb2 c5 14. Qd3 Bf8 15. Rad1 Qd7 16. Nd5 Nxd5 17. Qxd5 Qh3 18. Rd3 a5 19. Qg2 Qxg2+ 20. Kxg2 a4 21. Ra1 Reb8 22.
Kf3 g6 23. Ke4 Bg7 24. Bxg7 Kxg7 25. Rad1 axb3 26. axb3 Ra3 27. Rb1 Ra2 28. Kf3 f5 29. h4 Kf6 30. Rd5 Ke6 31. Rd3 h6 32. Rd5 g5 33. hxg5 hxg5 34. Rh1 g4+ 35. Kg2 Rxb3 36.
Rh6+ Kd7 37. Rxf5 Rbb2 38. Rh7+ Kc8 39. Rf8+ Kb7 40. Rff7 Kb6 41. Rhg7 Re2 42. Rxg4 Rxe3 43. Rgg7 Ree2 44. g4 d5 45. cxd5 c4 46. g5 c3 47.
Rg6+ Kb5 48. Rc6 c2 49. Rfxc7 Rxf2+ 50. Kg3 Rg2+ 51. Kf4 Ra4+ 52. Kf5 Rf2+ 53. Kg6 Rd4 54. Rxc2 Rf3 55. Rb2+ Ka6 56. Rc1 Ra3 57. Rc6+ Ka7 58. d6 Ra6 59. Rxa6+ Kxa6 60. Kh7 Rxd6 61. g6 1-0

[Event "Late-Titled-Tuesday-Blitz-February-06-2024"]
[Site "Chess.com"]
[Date "2024.02.06"]
[Round "10"]
[White "RantomOpening"]
[Black "jcmesafischer"]
[Result "1-0"]
[WhiteElo "2503"]
[BlackElo "2350"]
[TimeControl "180+1"]
[EndTime "15:54:46 PST"]
[Termination "RantomOpening won by checkmate"]

1. c4 Nf6 2. Nf3 e6 3. Nc3 d5 4. e3 b6 5. b3 c5 6. Bb2 Bb7 7. g3 d4 8. exd4 cxd4 9. Nb1 e5 10.
Bg2 Nbd7 11. d3 Bc5 12. O-O O-O 13. a3 a5 14. Nbd2 Re8 15. Re1 Bd6 16. Qc2 Qc7 17.
Re2 Nf8 18. Rae1 N6d7 19. Nxd4 Bxg2 20. Kxg2 Ng6 21. Nb5 Qc6+ 22. Nf3 f5 23. Nd4 exd4 24.
Rxe8+ Rxe8 25. Rxe8+ Kf7 26. Re1 Nde5 27. Qe2 Bc5 28. h4 h5 29. Bc1 Be7 30. Bg5 Bf6 31.
Bxf6 Kxf6 32. Qxe5+ Nxe5 33. Rxe5 g6 34. Rd5 a4 35. b4 Qe6 36. Rxd4 Qe2 37. Rd6+ Ke7 38.
Rxb6 Qb2 39. c5 Qxa3 40. c6 Qb3 41. Rb5 a3 42. c7 Kd7 43. Rc5 Kc8 44. Nd4 Qb2 45.
Nb5 a2 46. Nd6+ Kd7 47. c8=Q+ Kxd6 48. Qc7+ Ke6 49. Rc6+ Kd5 50. Qd6# 1-0

[Event "Late-Titled-Tuesday-Blitz-February-06-2024"]
[Site "Chess.com"]
[Date "2024.02.06"]
[Round "10"]
[White "DenLaz"]
[Black "Elsa167"]
[Result "1-0"]
[WhiteElo "3049"]
[BlackElo "2894"]
[TimeControl "180+1"]
[EndTime "15:54:47 PST"]
[Termination "DenLaz won on time"]

1. d4 e6 2. c4 Nf6 3. Nf3 c5 4.
d5 d6 5. Nc3 exd5 6. cxd5 g6 7.
h3 Bg7 8. e4 O-O 9. Bd3 Nbd7 10.
O-O Re8 11. Re1 Ne5 12. Nxe5 Rxe5 13. f4 Re8 14. Qf3 Nd7 15. Be3 a6 16. a4 Qb6 17.
Rab1 Qb3 18. Bf2 c4 19. Be2 b5 20. Bd1 Qb4 21. Bc2 Bb7 22. g4 g5 23. fxg5 Ne5 24.
Qe3 Nd3 25. Bxd3 cxd3 26. Qxd3 bxa4 27. Ra1 Qxb2 28. Bd4 Bxd4+ 29. Qxd4 Rac8 30. Rec1 Rc7 31. Rab1 Qa3 32. Qxa4 Qc5+ 33. Kg2 Qe3 34. Qxe8+ Kg7 35. Qd8 Qd2+ 36. Kh1 Qe3 37. Qf6+ Kg8 38. Kg2 1-0

[Event "Late-Titled-Tuesday-Blitz-February-06-2024"]
[Site "Chess.com"]
[Date "2024.02.06"]
[Round "10"]
[White "dretch"]
[Black "dropstoneDP"]
[Result "1-0"]
[WhiteElo "2857"]
[BlackElo "2979"]
[TimeControl "180+1"]
[EndTime "15:54:47 PST"]
[Termination "dretch won by resignation"]

1. d4 d5 2. c4 dxc4 3. e3 e6 4. Bxc4 Nf6 5. Nf3 c5 6. O-O Nc6 7. Qe2 a6 8. Rd1 b5 9. d5 Nxd5 10. e4 bxc4 11. exd5 Nd4 12. Nxd4 cxd4 13. Rxd4 Bc5 14.
Rxc4 Be7 15. Nc3 exd5 16. Rd4 Be6 17. Nxd5 Bxd5 18. Bg5 f6 19. Rad1 fxg5 20. Rxd5 Qc7 21. Qe6 Ra7 22. b4 Rf8 23. Rc5 Rf6 24. Qg8+ Bf8 25.
Rxc7 Rxc7 26. g3 h6 27. Re1+ Kd8 28. Qd5+ Bd6 29. Qa8+ Rc8 30. Re8+ Kxe8 31. Qxc8+ Kf7 32. Qxa6 h5 33. Qc4+ Kg6 34. a4 Bb8 35. Qd4 Rf7 36. Qe4+ Kh6 37. Qe6+ Rf6 38. Qe7 Bd6 39. Qb7 Be5 40.
Qd5 Bc3 41. Qc5 Be1 42. a5 g4 43. Qe3+ 1-0

[Event "Late-Titled-Tuesday-Blitz-February-06-2024"]
[Site "Chess.com"]
[Date "2024.02.06"]
[Round "10"]
[White "N_I_Chess"]
[Black "campochess"]
[Result "1-0"]
[WhiteElo "2338"]
[BlackElo "2121"]
[TimeControl "180+1"]
[EndTime "15:54:50 PST"]
[Termination "N_I_Chess won by resignation"]

1. d4 Nf6 2. c4 e6 3. Nc3 Bb4 4. Nf3 c5 5. e3 O-O 6. Bd3 d5 7. cxd5 Nxd5 8. Bd2 Nc6 9. a3 Ba5 10. O-O cxd4 11. exd4 Bc7 12. Bg5 f6 13. Bh4 Nxc3 14. bxc3 Ne7 15. Qc2 Nf5 16. Bg3 g6 17. Bxc7 Qxc7 18.
Qb3 Bd7 19. Bc4 Rae8 20. Rfe1 Qd6 21. Nd2 b5 22. Bd3 Qf4 23. Ne4 Kg7 24. Bxb5 Rb8 25. a4 a6 26. Nc5 Bc8 27. Nxe6+ Bxe6 28. Qxe6 axb5 29. axb5 Rf7 30. Rab1 Re7 31. Qc4 Qd2 32.
Rxe7+ Nxe7 33. Qc7 Re8 34. b6 Kh6 35. Qd7 Qc2 36. Re1 Qd2 37. Rf1 Rb8 38. Qxe7 Rxb6 39. Qe3+ Qxe3 40. fxe3 f5 41. Rc1 Rb3 42. Kf2 g5 43. c4 Kg6 44. Rc2 Kf6 45. g3 h5 46.
c5 Ke6 47. h4 gxh4 48. gxh4 Rb7 49. c6 Rc7 50. Kf3 Kd5 51. Kf4 1-0

[Event "Late-Titled-Tuesday-Blitz-February-06-2024"]
[Site "Chess.com"]
[Date "2024.02.06"]
[Round "10"]
[White "Kosak12"]
[Black "karinachess1"]
[Result "1-0"]
[WhiteElo "2840"]
[BlackElo "2677"]
[TimeControl "180+1"]
[EndTime "15:54:51 PST"]
[Termination "Kosak12 won by resignation"]

1. e4 e5 2. Nf3 Nc6 3. Nc3 Nf6 4. a4 Be7 5. Bb5 O-O 6. O-O d6 7. Bxc6 bxc6 8. d4 exd4 9. Nxd4 Bd7 10. h3 c5 11. Nf3 Bc6 12. Re1 Re8 13. Bf4 Nd7 14.
Qd2 Bf6 15. Qd3 h6 16. Nd2 Ne5 17. Qg3 Ng6 18. Rad1 Bh4 19. Qh2 Qf6 20. Be3 Bg5 21. Nc4 Bxe3 22. Rxe3 Rab8 23. b3 Qg5 24. Nd5 Bxd5 25.
Rxd5 Qf4 26. Qxf4 Nxf4 27. Rd2 Re7 28. e5 dxe5 29. Rxe5 Rxe5 30. Nxe5 Re8 31. Nc6 Re1+ 32. Kh2 a6 33. g3 Ne6 34. Nb8 Nd4 35. Kg2 a5 36.
Nd7 Rc1 37. Nxc5 Nxc2 38. Nd3 Nd4 39. Nxc1 Nxb3 40. Nxb3 1-0

[Event "Late-Titled-Tuesday-Blitz-February-06-2024"]
[Site "Chess.com"]
[Date "2024.02.06"]
[Round "10"]
[White "ImportedItalianMaple"]
[Black "Doublekk14"]
[Result "1-0"]
[WhiteElo "2490"]
[BlackElo "2307"]
[TimeControl "180+1"]
[EndTime "15:54:52 PST"]
[Termination "ImportedItalianMaple won on time"]

1. Nf3 Nf6 2. g3 e6 3. Bg2 d5 4. O-O c5 5. c4 Nc6 6. cxd5 exd5 7. d4 h6 8. Nc3 Be7 9. dxc5 Bxc5 10. a3 a5 11. Qc2 Bb6 12. Rd1 O-O 13. Nxd5 Nxd5 14. e4 Ndb4 15. axb4 Nxb4 16. Qe2 Qe7 17. Bf4 Bc5 18.
Rac1 Bg4 19. Qb5 b6 20. h3 Bxf3 21. Bxf3 Rad8 22. Kg2 g5 23. Be3 Bxe3 24. fxe3 Qf6 25. e5 Qe6 26. Bg4 Qb3 27. Qxb6 Qxb2+ 28. Kg1 Rd2 29. Rxd2 Qxd2 30. Rd1 Qb2 31. Qd4 Qxd4 32. exd4 Rd8 33. Bf3 Nd5 34. Ra1 f6 35. Rxa5 Ne3 36. Ra4 Nd5 37. Ra8 Ne3 38. Rxd8+ Kf7 39. Rd7+ 1-0

[Event "Late-Titled-Tuesday-Blitz-February-06-2024"]
[Site "Chess.com"]
[Date "2024.02.06"]
[Round "10"]
[White "jaskol95"]
[Black "giomar27"]
[Result "0-1"]
[WhiteElo "2580"]
[BlackElo "2469"]
[TimeControl "180+1"]
[EndTime "15:54:55 PST"]
[Termination "giomar27 won by checkmate"]

1. e4 g6 2. d4 Bg7 3. Nc3 a6 4. a4 d6 5. Nf3 Nd7 6. Bc4 e6 7. Bg5 Ne7 8. Qd2 h6 9. Be3 b6 10. d5 e5 11. O-O Nc5 12. b4 Nd7 13. a5 b5 14. Bd3 Nf6 15. h3 Nh5 16. Ne2 f5 17. Qc3 O-O 18. Ng3 Nf4 19. Qb3 fxe4 20. Bxe4 g5 21. Nh2 h5 22. Bxf4 Rxf4 23.
Qd3 Qe8 24. f3 Qf7 25. Ne2 Rf6 26. g4 Bb7 27. Rad1 Rf8 28. Kg2 Ng6 29. Bxg6 Rxg6 30.
Ng3 h4 31. Ne4 Bf6 32. c4 bxc4 33. Qxc4 Bd8 34. Rf2 Qf4 35. Nf1 Rg7 36. Qd3 Rgf7 37.
Qe3 Bf6 38. Qxf4 exf4 39. Nxf6+ Rxf6 40. Rc2 R8f7 41. Rd4 Re7 42. Kf2 Rf8 43. Nd2 Kg7 44.
Ne4 Kg6 45. Rdc4 Bxd5 46. Rxc7 Bxe4 47. fxe4 Rxe4 48. Rd7 Rd4 49. Rc6 Rf6 50. Rcc7 Re6 51. Rg7+ Kf6 52. Rcf7+ Ke5 53. Rxg5+ Ke4 54. Rgf5 Rd2+ 55.
Ke1 Kd3+ 56. Kf1 Rd1+ 57. Kg2 Re2+ 58. Kf3 Rf1# 0-1

[Event "Late-Titled-Tuesday-Blitz-February-06-2024"]
[Site "Chess.com"]
[Date "2024.02.06"]
[Round "10"]
[White "IsaqueGoncalvesSanto"]
[Black "LUISMIGUELOV"]
[Result "0-1"]
[WhiteElo "1929"]
[BlackElo "2192"]
[TimeControl "180+1"]
[EndTime "15:54:57 PST"]
[Termination "LUISMIGUELOV won on time"]

1. d4 d5 2. c4 c6 3. Nc3 Nf6 4. Nf3 dxc4 5. a4 Bf5 6. Ne5 e6 7. Nxc4 Bb4 8. Ne3 O-O 9. Nxf5 exf5 10. e3 Re8 11. Be2 Nd5 12. Qc2 f4 13. e4 f3 14.
gxf3 Nf6 15. Be3 Na6 16. h4 Bf8 17. Qb3 Nb4 18. h5 h6 19. Rg1 Kh7 20. Qxf7 Re7 21.
Qg6+ Kh8 22. Rc1 Qe8 23. Qf5 Qxh5 24. Qa5 Qxa5 25. Kf1 Rae8 26. e5 Nfd5 27. Ne4 Nxe3+ 28. fxe3 Nd5 29. Kf2 Rf7 30. f4 Nxf4 31. exf4 Rxf4+ 32.
Ke3 Rxe4+ 33. Kxe4 Qd2 34. Bd3 c5 35. Rc2 Qb4 36.
Rc4 Qxb2 37. Rb1 Qg2+ 38. Ke3 cxd4+ 39. Kxd4 Qf2+ 40. Kc3 b6 41. Rf1 Qa2 42. Rc7 Qa3+ 43. Kd2 Bb4+ 44. Ke2 Rxe5+ 45. Kf3 Qxd3+ 46. Kf4 Rf5+ 47. Kg4 Rxf1 48. a5 bxa5 0-1

[Event "Late-Titled-Tuesday-Blitz-February-06-2024"]
[Site "Chess.com"]
[Date "2024.02.06"]
[Round "10"]
[White "igorkovalenko"]
[Black "AlexeiShirov"]
[Result "0-1"]
[WhiteElo "2995"]
[BlackElo "2831"]
[TimeControl "180+1"]
[EndTime "15:54:58 PST"]
[Termination "AlexeiShirov won by resignation"]

1. c4 c6 2. Nf3 d5 3. e3 Nf6 4. Nc3 Nbd7 5. Qc2 e5 6. cxd5 Nxd5 7.
Be2 Bd6 8. O-O O-O 9. a3 N7f6 10.
d3 Bg4 11. h3 Bh5 12. Bd2 Nd7 13. Ne4 Be7 14. Ng3 Bg6 15. Rad1 Rc8 16. Qc1 c5 17. b3 f6 18. Qb2 Bf7 19. Nf5 Be6 20. Nxe7+ Qxe7 21. Rc1 Rc6 22. b4 Rfc8 23. b5 Rd6 24. Rfd1 Bf7 25. Be1 Re8 26. Nd2 f5 27. Nc4 Rg6 28. Bf1 f4 29. Bd2 f3 30. g3 Qh4 31. Kh2 Qh5 32. e4 N5f6 33. Ne3 Be6 34. Nf5 Bxf5 35. exf5 Qxf5 36. Rc4 Nb6 37. Rxc5 Qh5 38.
Re1 Kh8 39. Kg1 Qh4 40. Kh2 Ng4+ 41. Kg1 Nxf2 42. Kxf2 Qxg3+ 43. Ke3 Qf4+ 44. Kf2 Qg3+ 45. Ke3 f2+ 46. Ke2 Rf6 47. Bb4 fxe1=Q+ 48. Bxe1 Qh2+ 49.
Kd1 Qxb2 0-1

[Event "Late-Titled-Tuesday-Blitz-February-06-2024"]
[Site "Chess.com"]
[Date "2024.02.06"]
[Round "10"]
[White "DanielNaroditsky"]
[Black "GMBenjaminBok"]
[Result "1-0"]
[WhiteElo "3202"]
[BlackElo "2995"]
[TimeControl "180+1"]
[EndTime "15:54:59 PST"]
[Termination "DanielNaroditsky won on time"]

1. e4 e5 2. Nf3 Nc6 3. Nc3 Nf6 4. g3 Bc5 5. Bg2 d6 6. d3 O-O 7. O-O h6 8. Na4 Be6 9. Nxc5 dxc5 10. b3 Qd6 11. Bb2 Rfd8 12. h3 a5 13. a4 Nh7 14.
Kh2 Ng5 15. Nd2 f6 16. f4 Nf7 17. Qh5 Nd4 18. Rac1 c6 19. f5 Bd7 20. Nc4 Qe7 21. Ne3 Be8 22. h4 Nd6 23. Qd1 Bf7 24. g4 b5 25. Ra1 c4 26. bxc4 bxc4 27. Ba3 Qc7 28. g5 fxg5 29. hxg5 hxg5 30. Qg4 Qe7 31. c3 Nb3 32. f6 gxf6 33. Nf5 Qe6 34. Bxd6 Rxd6 35. Rab1 Rxd3 36. Rf2 Ra7 37. Rbf1 Kf8 38. Bh3 Bg8 39. Kg2 Rh7 40. Rf3 Rxf3 41. Rxf3 Nd2 42. Re3 Nb3 43. Qd1 Kf7 44. Nd6+ 1-0

[Event "Late-Titled-Tuesday-Blitz-February-06-2024"]
[Site "Chess.com"]
[Date "2024.02.06"]
[Round "10"]
[White "Philippians46"]
[Black "snowlord"]
[Result "1-0"]
[WhiteElo "2703"]
[BlackElo "2855"]
[TimeControl "180+1"]
[EndTime "15:54:59 PST"]
[Termination "Philippians46 won on time"]

1. d4 e6 2. c4 c5 3. d5 g6 4. Nc3 Bg7 5. g3 d6 6. Bg2 Bxc3+ 7. bxc3 e5 8. h4 Nf6 9. f4 Qe7 10. fxe5 Qxe5 11. Qd3 Bf5 12. Bf4 Qe7 13. Qf3 Be4 14. Qf1 Nbd7 15. Nf3 Nh5 16. Bg5 f6 17. Bf4 Nb6 18. Nd2 Bxg2 19. Qxg2 O-O-O 20. a4 a5 21. Qf3 Rhe8 22. Kf2 Nxf4 23. gxf4 f5 24. h5 Nd7 25. Rag1 Nf6 26. hxg6 hxg6 27. Rxg6 Rg8 28. Rhg1 Rxg6 29.
Rxg6 Qf7 30. Rg5 Ng4+ 31. Ke1 Re8 32. Nf1 Qd7 33. Qd3 Nh6 34. Rh5 Qg7 35. Ng3 Rf8 36.
Rg5 Qf6 37. Nh5 Qe7 38. Rg7 Qh4+ 39. Ng3 Qxf4 40. Qd2 Qxd2+ 41. Kxd2 Ng4 42. Nxf5 Rxf5 43.
Rxg4 Kc7 44. Rg7+ Kc8 45. e4 Rf3 46. Re7 Rh3 47. Rf7 b6 48. Re7 Rg3 49. Kc2 Rf3 50.
Kb3 Re3 51. Kc2 Re2+ 52. Kd3 Ra2 53. e5 dxe5 54. Ke4 Rxa4 55. d6 Rxc4+ 56. Kd5 Rxc3 57. Kc6 Kd8 58. Ra7 Ke8 59. d7+ Ke7 60. Ra8 Rd3 61.
Re8+ Kf6 62. d8=Q+ Rxd8 63. Rxd8 e4 64. Kd5 e3 65. Re8 a4 66. Rxe3 1-0